 Zot Defence DCSS version 0.15.2 (webtiles) character file.

582 Ryushun the Chopper (level 7, -12/61 HPs)
             Began as a Minotaur Fighter on Apr 1, 2015.
             Mangled by a goliath beetle (25 damage)
             ... in the Realm of Zot (Scenario V: Glassed Sandwich).
             The game lasted 00:20:53 (910 turns).

Ryushun the Chopper (Minotaur Fighter)               Turns: 910, Time: 00:20:53

HP -12/61        AC  7     Str 23      XL: 7   Next: 14%
MP   3/3         EV  7     Int  5      God:
Gold 0           SH 10     Dex  9      Spells:  0 memorised,  6 levels left

rFire  . . .     SeeInvis .     a - +0 war axe
rCold  . . .     Clarity  .     b - +0 scale mail
rNeg   . . .     rCorr    .     c - +0 shield
rPois  .         rRot     .     (helmet restricted)
rElec  .         Spirit   .     (no cloak)
SustAb .         Warding  .     (no gloves)
rMut   .         Stasis   .     (no boots)
Gourm  .                        (no amulet)
MR     .....                    (no ring)
                                (no ring)

@: not resistant to hostile enchantments, extremely unstealthy
A: retaliatory headbutt, horns 2
a: Make oklob sapling, Make arrow trap, Make plant, Remove Curse, Make burning
bush, Make altar, Make grenades, Make oklob plant


You were in the Realm of Zot.
You were not hungry.

You visited 1 branch

Inventory:

Hand weapons
 a - a +0 war axe (weapon)
 l - a cursed -1 whip
 n - a +0 whip
 o - a +0 dagger
 p - a +0 whip
 q - a +0 dagger
 r - a +0 short sword
 s - a +0 club
 t - a +0 dagger
 u - a +0 dagger
 v - a +0 mace
Missiles
 m - 5 stones (quivered)
Armour
 b - a +0 scale mail (worn)
 c - a +0 shield (worn)
 w - a +1 leather armour of poison resistance
Comestibles
 f - a bread ration
Scrolls
 k - a scroll of blinking
Potions
 e - a potion of might
 g - a potion of heal wounds
 h - a potion of haste
 i - 2 potions of magic
 j - a potion of berserk rage


   Skills:
 + Level 5.3 Fighting
 * Level 5.7 Axes
 + Level 5.0 Armour
 * Level 3.2 Dodging
 + Level 5.0 Shields


You had 6 spell levels left.
You didn't know any spells.

Dungeon Overview and Level Annotations

Branches:
    Zot (1/1)

Altars:
Zin


Innate Abilities, Weirdness & Mutations

You reflexively headbutt those who attack you in melee.
You have a pair of horns on your head.


Message History

The goliath beetle bites your oklob sapling!
Your oklob sapling is destroyed!
You closely miss the giant frog.
The giant frog is lightly wounded.
You hit the goliath beetle.
You headbutt the goliath beetle, but do no damage.
The goliath beetle is almost dead.
The giant frog hits you.
* * * LOW HITPOINT WARNING * * *
You block the giant frog's attack.
A spiny frog and a blink frog come into view.
You hit the goliath beetle but do no damage.
The goliath beetle is almost dead.
You closely miss the giant frog.
The giant frog is lightly wounded.
You block the giant frog's attack.
The giant frog hits you but does no damage.
The goliath beetle waves its antennae.
The goliath beetle bites you!!
You die...

▓▓▓▓▓▓▓▓▓▓▓▓▓▓▓▓▓▓▓▓▓▓▓▓▓▓▓▓▓▓▓▓▓
...................F.............
..............▓▓)▓▓.F............
.............▓▓.%.▓▓.............
............▓▓..)..▓▓............
...........▓▓..))...▓▓...........
..........▓▓....)%...▓▓..........
▓▓▓▓▓▓▓▓▓▓▓....FP)....▓▓▓▓▓▓▓▓▓▓▓
∆∆∆∆∆∆▓▓▓▓▓▓▓▓▓P@.▓▓▓▓▓▓▓▓∆∆∆∆∆∆∆
▓▓▓▓▓▓▓▓▓▓▓...._PB....▓▓▓▓▓▓▓▓▓▓▓
..........▓▓....(....▓▓..........
...........▓▓..)(...▓▓...........
............▓▓.%%..▓▓............
.............▓▓.).▓▓.............
..............▓▓)▓▓..............
...............%.%...............
▓▓▓▓▓▓▓▓▓▓▓▓▓▓▓▓▓▓▓▓▓▓▓▓▓▓▓▓▓▓▓▓▓


You could see a goliath beetle, a spiny frog, a blink frog, a giant frog and a
friendly oklob sapling.

Vanquished Creatures
  An orc warrior (Zot)
  A crimson imp (Zot)
  An iguana (Zot)
  2 green rats (Zot)
  A giant mite (Zot)
  3 oozes (Zot)
  2 orcs (Zot)
  4 bat zombies (Zot)
  2 giant cockroaches (Zot)
  8 goblins (Zot)
  A quokka (Zot)
  A ball python zombie (Zot)
  6 bats (Zot)
  A giant gecko (Zot)
  A giant newt (Zot)
  2 goblin zombies (Zot)
  A jackal (Zot)
  5 kobolds (Zot)
  4 kobold zombies (Zot)
  3 rats (Zot)
  3 rat zombies (Zot)
53 creatures vanquished.

Vanquished Creatures (collateral kills)
  An oklob sapling (Zot)
  A giant mite (Zot)
  A shadow imp (Zot)
  An adder (Zot)
  A green rat (Zot)
  2 giant geckos (Zot)
  An orc (Zot)
  2 ball pythons (Zot)
  A bat zombie (Zot)
  6 goblins (Zot)
  6 hobgoblins (Zot)
  2 jackals (Zot)
  2 quokkas (Zot)
  3 bats (Zot)
  3 giant newts (Zot)
  A giant newt zombie (Zot)
  2 giant spores (Zot)
  10 kobolds (Zot)
  A kobold zombie (Zot)
  7 rats (Zot)
  A rat zombie (Zot)
55 creatures vanquished.

Vanquished Creatures (others)
  3 oklob saplings (Zot)
3 creatures vanquished.

Grand Total: 111 creatures vanquished

Notes
Turn   | Place    | Note
--------------------------------------------------------------
     0 | Zot      | Ryushun, the Minotaur Fighter, began the quest for the Orb.
     0 | Zot      | Reached XP level 1. HP: 19/19 MP: 1/1
   226 | Zot      | Reached XP level 2. HP: 25/27 MP: 1/1
   240 | Zot      | Reached skill level 4 in Fighting
   303 | Zot      | Reached XP level 3. HP: 33/33 MP: 2/2
   382 | Zot      | Reached skill level 1 in Dodging
   382 | Zot      | Reached XP level 4. HP: 39/41 MP: 2/2
   472 | Zot      | Reached XP level 5. HP: 44/47 MP: 2/2
   671 | Zot      | Reached XP level 6. HP: 55/55 MP: 3/3
   673 | Zot      | Reached skill level 5 in Axes
   781 | Zot      | Reached skill level 5 in Fighting
   781 | Zot      | Reached skill level 5 in Armour
   781 | Zot      | Reached skill level 5 in Shields
   781 | Zot      | Reached XP level 7. HP: 13/61 MP: 3/3
   910 | Zot      | Noticed a spiny frog
   910 | Zot      | Noticed a blink frog
   910 | Zot      | Mangled by a goliath beetle

Action                   |  1- 3 |  4- 6 |  7- 9 || total
-------------------------+-------+-------+-------++-------
Melee: War axe           |    26 |    45 |    18 ||    89
Throw: Stone             |       |     1 |       ||     1
 Abil: Make oklob saplin |     1 |     4 |       ||     5
       Make plant        |       |     2 |       ||     2
       Make grenades     |       |     1 |       ||     1
       Make altar        |       |       |     3 ||     3
  Use: Potion            |       |     3 |       ||     3
 Stab: Distracted        |       |     2 |     1 ||     3
